 Dungeon Crawl Stone Soup version 0.30-a0-743-gbfdf073431 (webtiles) character file.

Game seed: 13858828682130753414

65 Bnni the Shooter (level 3, 0/22 HPs)
             Began as a Deep Elf Hunter on Feb 6, 2023.
             Slain by Sigmund
             ... wielding a +1 scythe of venom
              (10 damage)
             ... on level 3 of the Dungeon.
             The game lasted 00:02:19 (1320 turns).

Bnni the Shooter (Deep Elf Hunter)                  Turns: 1320, Time: 00:02:20

Health: 0/22       AC:  4    Str:  8    XL:     3   Next: 94%
Magic:  5/5        EV: 12    Int: 13    God:
Gold:   85         SH:  0    Dex: 20    Spells: 2/2 levels left

rFire   . . .      SeeInvis .    (no weapon)
rCold   . . .      Faith    .    (no shield)
rNeg    . . .      Spirit   .    c - +0 leather armour
rPois   .          Reflect  .    (no helmet)
rElec   .          Harm     .    r - +0 cloak
rCorr   .          Rampage  .    (no gloves)
Will    .....                    (no boots)
Stlth   ++                       (no amulet)
HPRegen 0.23/turn                (no ring)
MPRegen 0.09/turn                (no ring)

@: mighty
A: no striking features
a: no special abilities


You were on level 3 of the Dungeon.
You visited 1 branch of the dungeon, and saw 3 of its levels.

You collected 85 gold pieces.

Inventory:

Hand Weapons
 a - a +0 shortbow
Missiles
 d - a throwing net
Armour
 c - a +0 leather armour (worn)
 r - a +0 cloak (worn)
Wands
 m - a wand of paralysis (1)
Scrolls
 b - 2 scrolls of immolation
 e - a scroll of teleportation {unknown}
 f - a scroll of fog {unknown}
 g - 3 scrolls of identify {unknown}
 h - 2 scrolls of amnesia {unknown}
 i - 2 scrolls of enchant weapon {unknown}
 n - a scroll of noise {unknown}
 s - a scroll of fear {unknown}
Potions
 j - a potion of resistance {unknown}
 k - a potion of might
 l - a potion of ambrosia
 o - a potion of brilliance {unknown}
 p - a potion of mutation {unknown}
 q - 2 potions of curing


   Skills:
 + Level 2.3 Fighting
 * Level 6.8 Ranged Weapons
 - Level 2.4 Dodging
 - Level 1.2 Stealth


You had 2 spell levels left.
You didn't know any spells.
Your spell library was empty.

Dungeon Overview and Level Annotations

Branches:
Dungeon (3/15)

Altars:
Elyvilon
Xom

Shops:
D:1 :[

Annotations:
D:3 Sigmund


Message History

You feel very sick.
You feel sick.
You feel sick.
You feel sick. Sigmund casts a spell at you.
You are confused.
It was a potion of might.
You feel very mighty all of a sudden.
You feel sick.
It was a potion of ambrosia.
You are more confused.
You feel invigorated.
You feel sick.
Sigmund mumbles some strange words.
Sigmund flickers and vanishes!
Deactivating autopickup; reactivate with Ctrl-A.
You feel sick.
You are no longer poisoned.
A magic dart appears from out of thin air!
The magic dart hits you.
* * * LOW HITPOINT WARNING * * *
You bump into the rock wall.
You hear some strange, mumbled words.
Something tries to affect you, but you resist.
You shoot an arrow. Something hits you!
You clumsily bash something.
Something hits you but does no damage.
You are poisoned.
You are now empty-handed.
You feel sick.
You completely miss something.
You feel less invigorated.
You feel sick. Something hits you!
You hit something.
You feel sick.
You hear some strange, mumbled words.
Something tries to affect you, but you resist.
You closely miss something.
You feel sick. Something hits you.
* * * LOW HITPOINT WARNING * * *
You are more poisoned.
* * * LOW HITPOINT WARNING * * *
You feel very sick.
It was a potion of curing.
You feel better. Something barely misses you.
You hit something. Something hits you!
You die...

###.............#
#.#.......#+#.#
#.#.####.##.#.#
#.#....#....#.#
###.#....#....#.#
#...#†.#.#......#
.#############....#..#.###
............###.###..#...
..............{@..#..#######
#################.#........#
............>.##.# #.....#
#........###.# #.....#
#........# #.# #.....#
#........# #.# #.....#
#........# #.# ####.....#
#........# #.# ..##....<#
#........# #.#


There were no monsters in sight!

Vanquished Creatures
  Crazy Yiuf (D:2)
  A worm (D:2)
  A dart slug (D:1)
  A ball python (D:3)
  4 endoplasms
  4 goblins (D:1)
  5 hobgoblins
  3 jackals (D:1)
  2 quokkas (D:1)
  4 bats
  A frilled lizard (D:1)
  A rat (D:3)
28 creatures vanquished.

Notes
Turn   | Place    | Note
-------+----------+-------------------------------------------
     0 | D:1      | Bnni the Deep Elf Hunter began the quest for the Orb.
     0 | D:1      | Reached XP level 1. HP: 12/12 MP: 3/3
    38 | D:1      | Found Widd's Antique Armour Emporium.
    91 | D:1      | Found Xuheimad's Book Emporium.
    97 | D:1      | Reached XP level 2. HP: 17/17 MP: 4/4
   290 | D:1      | Reached skill level 6 in Ranged Weapons
   712 | D:2      | Reached XP level 3. HP: 21/21 MP: 5/5
   851 | D:2      | Found a shimmering altar of Xom.
   882 | D:2      | Found a runed translucent door.
   883 | D:2      | Noticed Crazy Yiuf
   890 | D:2      | Killed Crazy Yiuf
  1101 | D:3      | Found a white marble altar of Elyvilon.
  1101 | D:3      | Found a shimmering altar of Xom.
  1289 | D:3      | Noticed Sigmund
  1318 | D:3      | HP: 1/22 [poisoned by Sigmund]
  1320 | D:3      | Slain by Sigmund

Illustrated notes

Levels and vault maps discovered:
D:1:      onia_arrival_pyramid, layout_loops_cross, serial_shops,
          nicolae_shop_waterfront, shop
D:2:      layout_rooms, basic_altar, uniq_crazy_yiuf_cottage
D:3:      cheibrodos_greedy_goblins, layout_basic,
          grunt_temple_overflow_lords_of_destruction,
          amethyst_overflow_temple_binary,
          shapermc_ecumenical_altar_mp_highgroup, kennysheep_generic_room_9,
          uniq_sigmund, uniq_jessica

Skill      XL: |  1  2 |
---------------+-------+-----
Ranged Weapons | 6 |  6.8
Fighting       | 2 |  2.3
Dodging        | |  2.4
Stealth        | |  1.2

Action                     || total
---------------------------++-------
  Melee: Unarmed           ||     4
         Shortbow          ||     1
   Fire: Shortbow          ||    81
    Use: Potion            ||     3
 Armour: Leather armour    ||    11
  Dodge: Dodged            ||    24

Table legend: (Time is in decaauts)
 A = Elapsed time spent in this place.
 B = Non-inter-level travel time spent in this place.
 C = Inter-level travel time spent in this place.
 D = Time resting spent in this place.
 E = Time spent auto-exploring this place.
 F = Levels seen in this place.
 G = Mean time per level.
                   A        B        C        D        E       F      G
               +--------+--------+--------+--------+--------+-----+--------+
         Total |   1339 |   1295 |     44 |      0 |   1091 |   3 |  446.3 |
       Dungeon |   1339 |   1295 |     44 |      0 |   1091 |   3 |  446.3 |
               +--------+--------+--------+--------+--------+-----+--------+

Top non-repeatable levels by time:
     D:1: 722 daAuts
     D:2: 387 daAuts
     D:3: 229 daAuts
